 Dungeon Crawl Stone Soup version 0.29-a0-82-g837932c90e (webtiles) character file.

Game seed: 17540935648926481952

524 lordive the Sneak (level 7, -7/33 HPs)
             Began as a Spriggan Enchanter on Feb 5, 2022.
             Killed from afar by an oklob sapling (27 damage)
             ... with a splash of acid
             ... on level 5 of the Dungeon.
             The game lasted 00:07:10 (3519 turns).

lordive the Sneak (Spriggan Enchanter)              Turns: 3519, Time: 00:07:10

Health: -7/33      AC:  2    Str:  4    XL:     7   Next: 2%
Magic:  11/14      EV: 18    Int: 24    God:
Gold:   110        SH:  0    Dex: 16    Spells: 10/15 levels left

rFire   . . .      SeeInvis +   a - +1 dagger
rCold   . . .      Faith    .   (no shield)
rNeg    . . .      Spirit   .   b - +0 robe
rPois   .          Reflect  .   (helmet restricted)
rElec   .          Harm     .   (no cloak)
rCorr   .          Rampage  .   (gloves unavailable)
Will    +....                   (boots unavailable)
Stlth   ++++......              (no amulet)
HPRegen 0.11/turn               i - +6 ring of intelligence
MPRegen 0.14/turn               (no ring)

@: very slightly contaminated, very quick
A: very small, no large weapons, unfitting armour, see invisible, speed 3
a: no special abilities


You were on level 5 of the Dungeon.
You visited 1 branch of the dungeon, and saw 5 of its levels.

You collected 110 gold pieces.

Inventory:

Hand Weapons
 a - a +1 dagger (weapon)
 h - a +0 dagger of venom
Armour
 b - a +0 robe (worn)
Magical Staves
 j - a staff of conjuration
Jewellery
 i - a +6 ring of intelligence (left hand)
Wands
 m - a wand of flame (13)
Scrolls
 d - 2 scrolls of immolation {unknown}
 e - 3 scrolls of identify {unknown}
 f - a scroll of noise {unknown}
 g - a scroll of teleportation {unknown}
 k - a scroll of blinking {unknown}
 n - a scroll of fog {unknown}
Potions
 c - a potion of invisibility
 l - a potion of heal wounds {unknown}
 o - 2 potions of curing {unknown}


   Skills:
 * Level 1.5 Fighting
 * Level 2.7 Short Blades
 * Level 1.4 Armour
 * Level 4.0 Dodging
 + Level 7.0 Stealth
 * Level 4.5 Spellcasting
 * Level 5.0 Hexes
 + Level 1.0 Ice Magic


You had 10 spell levels left.
You knew the following spells:

 Your Spells              Type           Power      Damage    Failure   Level
a - Ensorcelled Hibernat  Hex/Ice        40%        N/A       4%          2
b - Confusing Touch       Hex            29%        N/A       3%          3

Your spell library contained the following spells:

 Spells                   Type           Power      Damage    Failure   Level
 Tukima's Dance           Hex            29%        N/A       3%          3
 Dazzling Flash           Conj/Hex       34%        N/A       10%         3
 Fireball                 Conj/Fire      2%         3d4       95%         5
 Iskenderun's Battlesphe  Conj           5%         2d6       95%         5
 Conjure Ball Lightning   Conj/Air       2%         3x3d6     100%        6
 Orb of Destruction       Conj           2%         9d5       100%        7


Dungeon Overview and Level Annotations

Branches:
Dungeon (5/15)             Temple (0/1) D:5

Altars:
Fedhas
Yredelemnul

Shops:
D:1 !

Annotations:
D:5 exclusion: oklob sapling


Innate Abilities, Weirdness & Mutations

You are very small and have problems with some larger weapons.
You are too small for most types of armour.
You have supernaturally acute eyesight. (SInv)
You cover ground extremely quickly. (Speed+++)


Message History

Really walk into a travel-excluded area?
A gnoll comes into view. It is wielding a +0 club.
The gnoll shouts!
You see here a +0 halberd.
Things that are here:
a +0 spear; a gnoll corpse The gnoll looks drowsy...
The helpless gnoll fails to defend itself.
You impale the gnoll!!
You kill the gnoll!
Your Dodging skill increases to level 4!
Your Stealth skill increases to level 7!
You start resting.
Magic restored.
You start waiting.
Done waiting.
What are your orders? t - Shout!
Orders for allies: a - Attack new target. r - Retreat! s - Stop attacking. g - Guard the area. f - Follow me.
Anything else - Cancel.
You shout for attention!
You start waiting.
Done waiting.
You now have 110 gold pieces (gained 12).
Things that are here:
a +0 club; a +0 halberd; a gnoll skeleton Really walk into a travel-excluded area?
The oklob sapling spits acid at you. The splash of acid hits you!
Casting: Ensorcelled Hibernation (safe; 4% risk of failure)
Confirm with . or Enter, or press ? or * to list all spells.
You miscast Confusing Touch.
You are very lightly contaminated with residual magic.
Nothing appears to happen.
The oklob sapling spits acid at you. The splash of acid hits you!!
Ouch! That really hurt!
You die...

# ##.###...PPP #
### #........# #
#####....>...##
#.....P..PP.P..
....#....PP....
#g#....P.PP.... #.
#....#...# #
#)###.#...# #
#......@#
############.#####
..........##.#
.)#..####.##)#
#.#..#.....))#
#......##.####
###..####.#
###.......#
.....######


You could see an oklob sapling.

Vanquished Creatures
  An ogre (D:3)
  Blork the orc (D:4)
  A gnoll sergeant (D:5)
  A jelly (D:5)
  4 orc priests
  2 orc wizards
  3 adders
  4 gnolls (D:5)
  2 dart slugs
  12 orcs
  An endoplasm (D:1)
  A giant cockroach (D:1)
  5 hobgoblins
  3 kobolds
  2 quokkas
  2 ball pythons (D:1)
  A ball python zombie (D:2)
  3 bats
  A frilled lizard (D:1)
  A goblin (D:1)
  7 rats
58 creatures vanquished.

Vanquished Creatures (others)
  15 plants (D:5)
15 creatures vanquished.

Grand Total: 73 creatures vanquished

Notes
Turn   | Place    | Note
-------+----------+-------------------------------------------
     0 | D:1      | lordive the Spriggan Enchanter began the quest for the Orb.
     0 | D:1      | Reached XP level 1. HP: 9/9 MP: 5/5
   265 | D:1      | Reached XP level 2. HP: 13/13 MP: 6/6
   269 | D:1      | Learned a level 2 spell: Ensorcelled Hibernation
   475 | D:1      | Found Leiw's Distillery.
   629 | D:1      | Found a faded altar of an unknown god.
  1158 | D:2      | Reached XP level 3. HP: 16/16 MP: 5/8
  1162 | D:2      | Learned a level 3 spell: Confusing Touch
  1211 | D:3      | Reached skill level 5 in Stealth
  1443 | D:4      | Found a basalt altar of Yredelemnul.
  1443 | D:4      | Found a blossoming altar of Fedhas.
  1576 | D:4      | Noticed Blork the orc
  1579 | D:4      | Reached XP level 4. HP: 21/21 MP: 6/9
  1792 | D:3      | Noticed an ogre
  2019 | D:3      | Killed an ogre
  2020 | D:3      | Reached skill level 1 in Fighting
  2020 | D:3      | Reached skill level 6 in Stealth
  2020 | D:3      | Reached XP level 5. HP: 6/25 MP: 1/11
  2380 | D:4      | Killed Blork the orc
  2381 | D:4      | Reached skill level 1 in Armour
  2381 | D:4      | Reached XP level 6. HP: 19/30 MP: 6/13
  2876 | D:5      | Entered Level 5 of the Dungeon
  2964 | D:5      | Found a staircase to the Ecumenical Temple.
  3010 | D:5      | Reached skill level 1 in Ice Magic
  3110 | D:5      | Reached skill level 5 in Hexes
  3128 | D:5      | Reached XP level 7. HP: 16/33 MP: 3/14
  3296 | D:5      | Reached skill level 7 in Stealth
  3519 | D:5      | Killed from afar by an oklob sapling

Illustrated notes

Levels and vault maps discovered:
D:1:      saegor_arrival_simple_d, layout_basic, serial_shops, shop,
          serial_aquarium, aquarium_bridge_square [aquarium_subvault_bridge,
          aquarium_subvault_window, aquarium_subvault_bridge,
          aquarium_subvault_window], aquarium_window_corridor_1,
          aquarium_window_2, aquarium_window_corner, aquarium_view_2d,
          aquarium_view_2c, hellmonk_ecumenical_altar_leap_of_faith,
          serial_bayou_ford_a
D:2:      layout_rooms, serial_undead, serial_undead_c, serial_undead_c,
          serial_undead_b, serial_undead_e, serial_undead_d, serial_undead_d,
          minmay_joined_circles
D:3:      layout_loops_corners, nrook_mini_vaults, feat_on_display
D:4:      layout_basic, chequers_temple_overflow_statue_of_worship,
          minmay_misc_feat_tiny, uniq_blork_the_orc
D:5:      layout_loops_cross, minmay_temple_entry_oklob,
          minmay_chambers_of_fives, uniq_menkaure

Skill      XL: |  1  2  3  4  5  6  7 |
---------------+----------------------+-----
Spellcasting   | 3 4 |  4.5
Hexes          | 4 5 |  5.0
Stealth        | 5 6 7 |  7.0
Dodging        | 3 4 |  4.0
Short Blades   | 2 |  2.7
Fighting       | 1 |  1.5
Armour         | 1 |  1.4
Ice Magic      | 1 |  1.0

Action                   |  1- 3 |  4- 6 |  7- 9 || total
-------------------------+-------+-------+-------++-------
Melee: Dagger            |    78 |    69 |     1 ||   148
       Punch             |       |     1 |       ||     1
 Cast: Ensorcelled Hiber |    18 |    39 |     1 ||    58
       Confusing Touch   |       |     5 |       ||     5
 Stab: Sleeping          |    18 |    24 |     1 ||    43
       Confused          |       |     3 |       ||     3
Armor: Robe              |     4 |     5 |       ||     9
Dodge: Dodged            |    65 |    52 |       ||   117

Table legend: (Time is in decaauts)
 A = Elapsed time spent in this place.
 B = Non-inter-level travel time spent in this place.
 C = Inter-level travel time spent in this place.
 D = Time resting spent in this place.
 E = Time spent auto-exploring this place.
 F = Levels seen in this place.
 G = Mean time per level.
                   A        B        C        D        E       F      G
               +--------+--------+--------+--------+--------+-----+--------+
         Total |   2969 |   2893 |     76 |    857 |   1520 |   5 |  593.8 |
       Dungeon |   2969 |   2893 |     76 |    857 |   1520 |   5 |  593.8 |
               +--------+--------+--------+--------+--------+-----+--------+

Top non-repeatable levels by time:
     D:1: 835 daAuts
     D:3: 781 daAuts
     D:4: 643 daAuts
     D:5: 576 daAuts
     D:2: 133 daAuts
